 Dungeon Crawl Stone Soup version 0.31-a0-4-gefa6de2278 (webtiles) character file.

Game seed: 2687910812044118146

13821 Pimp the Cleaver (level 12, -17/112 HPs)
             Began as a Hill Orc Fighter on May 4, 2023.
             Was the Champion of Okawaru.
             Demolished by a cyclops (18 damage)
             ... on level 12 of the Dungeon.
             The game lasted 00:24:28 (11184 turns).

Pimp the Cleaver (Hill Orc Fighter)                Turns: 11184, Time: 00:24:29

Health: -17/112    AC: 16    Str: 29    XL:     12   Next: 10%
Magic:  21/21      EV: 15    Int: 15    God:    Okawaru [******]
Gold:   586        SH:  8    Dex:  9    Spells: 11/11 levels left

rFire   . . .        a - +1 war axe
rCold   . . .        i - +2 buckler
rNeg    . . .        w - +2 scale mail of the Maze {+Blink Fly Str+2 Int+4}
rPois   .            F - +0 hat of the Snail {MP+9 Str+3}
rElec   .            j - +0 cloak
rCorr   .            (no gloves)
SInv    .            (no boots)
Will    +....        (no amulet) Stlth
                     e - +5 ring of evasion
HPRegen 0.38/turn    q - +4 ring of protection
MPRegen 0.17/turn

%: no passive effects
@: flying, hasted, very quick
A: horns 1, strong-willed 1, strong 1
a: Renounce Religion, Evoke Blink, Heroism, Finesse, Duel


You were on level 12 of the Dungeon.
You worshipped Okawaru.
Okawaru was exalted by your worship.
You visited 1 branch of the dungeon, and saw 12 of its levels.
You also visited: Ossuary.

You collected 586 gold pieces.

Inventory:

Hand Weapons
 a - a +1 war axe (weapon)
Missiles
 c - 2 throwing nets
Armour
 f - a +2 hat
 i - a +2 buckler (worn)
 j - a +0 cloak (worn)
 w - the +2 scale mail of the Maze (worn) {+Blink Fly Str+2 Int+4}
   (You found it on level 4 of the Dungeon)

   Str:       It affects your strength (+2).
   Int:       It affects your intelligence (+4).
   Fly:       It grants you flight.
   +Blink:    It lets you blink.
 F - the +0 hat of the Snail (worn) {MP+9 Str+3}
   (Okawaru gifted it to you on level 11 of the Dungeon)

   Str:       It affects your strength (+3).
   MP:        It affects your magic capacity (+9).
Jewellery
 b - a +4 ring of protection
 e - a +5 ring of evasion (left hand)
 g - a +6 ring of dexterity
 q - a +4 ring of protection (right hand)
 B - an amulet of the acrobat
 D - an amulet of regeneration
Wands
 r - a wand of mindburst (4) (quivered)
 x - a wand of flame (12)
Scrolls
 l - 4 scrolls of blinking
 m - 8 scrolls of teleportation
 t - 4 scrolls of magic mapping
 u - 3 scrolls of silence
 v - a scroll of noise
 y - 2 scrolls of identify
 A - a scroll of acquirement {unknown}
 E - a scroll of vulnerability {unknown}
Potions
 d - 6 potions of might
 h - 6 potions of curing
 k - 2 potions of cancellation
 n - 11 potions of degeneration
 o - 6 potions of haste
 p - a potion of ambrosia
 s - 2 potions of lignification
 z - a potion of flight
 C - a potion of experience {unknown}
 G - a potion of magic {unknown}


   Skills:
 + Level 12.0 Fighting
 + Level 12.8 Axes
 + Level 11.0 Armour
 + Level 11.1 Shields


You had 11 spell levels left.
You didn't know any spells.
Your spell library contained the following spells:

 Spells                   Type           Power      Damage    Failure   Level
 Kiss of Death            Conj/Necr      0%         2d5       50%         1
 Sandblast                Erth           0%         2d4       50%         1
 Passwall                 Tmut/Erth      0%         N/A       63%         2
 Stone Arrow              Conj/Erth      0%         3d7       86%         3
 Animate Dead             Necr           Unusable   N/A       N/A         4
 Simulacrum               Ice/Necr       Unusable   N/A       N/A         6

Dungeon Overview and Level Annotations

Branches:
Dungeon (12/15)            Temple (0/1) D:4            Lair (0/5) D:8
    Orc (0/2) D:11        Ossuary (visited)

Altars:
Ashenzari
Dithmenos
Hepliaklqana
Makhleb
Okawaru
Sif Muna
Uskayaw
Xom
Yredelemnul

Shops:
D:10 ?[(*   D:11 ?


Innate Abilities, Weirdness & Mutations

You have a pair of small horns on your head.
You are strong-willed. (Will+)
Your muscles are strong. (Str +4, Int/Dex -1)


Message History

The shadow flickers and vanishes!
The cyclops closely misses you.
You slice the cyclops!!
You kill the cyclops!
Okawaru accepts your kill.
You hit the shadow. You miss something. You barely miss something.
Something hits you but does no damage.
The shadow strikes at you from the darkness!
* * * LOW HITPOINT WARNING * * *
Reactivating autopickup.
You block the shadow's attack.
Your Fighting skill increases to level 12!
Your Armour skill increases to level 11!
You closely miss the shadow. Your headbutt misses the shadow.
The shadow is severely damaged.
You hit the shadow. You block something's attack.
Deactivating autopickup; reactivate with Ctrl-A.
You slash the shadow!
You destroy the shadow!
Okawaru accepts your kill.
You closely miss something. You barely miss the shadow.
Something hits you but does no damage. You block the shadow's attack.
You slash the shadow!
You destroy the shadow!
Okawaru accepts your kill. Something barely misses you. The cyclops hits you!!
* * * LOW HITPOINT WARNING * * *
There is an open door, spattered with blood here.
Things that are here:
a +0 glaive; a +0 plate armour You slash the cyclops!
The cyclops is moderately wounded.
You slash something! Something hits you but does no damage.
You slash the cyclops!
The cyclops is heavily wounded.
You hit something but do no damage. Something hits you.
* * * LOW HITPOINT WARNING * * *
Something hits you.
* * * LOW HITPOINT WARNING * * *
The cyclops hits you!!
You die...

#...# ## +...# .####
#...# ....# #...# ####
.##.# #...# #...##
....###### #...##.....#
..#.(....####...#.......
.####......##..)@C.)....
.## ##.....##..(#.......
..####......#...##.....#
....####........# #...##
....############## ####
..................
.................#
#.................
#.................


You could see a cyclops.

Vanquished Creatures
  Erolcha (D:9)
  2 two-headed ogres
  The ghost of patfeehan111222 the Chopper, a novice DsBe of Trog (D:6)
  3 cyclopes
  2 manticores
  Maggie (D:7)
  4 gargoyles (D:11)
  A komodo dragon (D:8)
  A troll (D:12)
  2 hornets (D:8)
  3 shadows
  2 wyverns
  3 wraiths
  7 yaks (D:11)
  A basilisk (D:12)
  Grum (D:9)
  2 steam dragons
  3 vampire mosquitoes (D:12)
  3 acid dragons
  6 orc warriors
  A swamp drake (D:11)
  3 ice beasts
  4 wolves
  3 centaurs
  2 kobold brigands (D:8)
  3 phantoms
  5 bullfrogs
  A gnoll sergeant (D:8)
  A scorpion (D:5)
  4 wights (D:6)
  3 killer bees (D:10)
  4 howler monkeys
  3 jellies
  3 quasits (D:6)
  3 hounds
  7 orc priests
  3 gnoll boudas
  7 orc wizards
  2 iguanas
  A mummy (Ossuary)
  14 gnolls
  5 adders
  A white imp (D:7)
  2 ufetubi
  2 worms (D:2)
  2 dart slugs
  40 orcs
  8 ball pythons
  5 endoplasms
  2 giant cockroaches
  6 goblins
  5 hobgoblins
  4 jackals (D:3)
  3 quokkas
  5 bats
  4 frilled lizards
  6 gnoll skeletons (Ossuary)
  16 kobolds
  3 kobold skeletons (Ossuary)
  16 orc skeletons (Ossuary)
  A rat (D:1)
  A spectral orc (D:9)
263 creatures vanquished.

Vanquished Creatures (others)
  16 plants (D:8)
16 creatures vanquished.

Grand Total: 279 creatures vanquished

Notes
Turn   | Place    | Note
-------+----------+-------------------------------------------
     0 | D:1      | Pimp the Hill Orc Fighter began the quest for the Orb.
     0 | D:1      | Reached XP level 1. HP: 19/19 MP: 1/1
   233 | D:1      | Reached XP level 2. HP: 23/27 MP: 2/2
   659 | D:1      | Reached XP level 3. HP: 33/33 MP: 3/3
  1172 | D:2      | Found a basalt altar of Yredelemnul.
  1306 | D:3      | Reached XP level 4. HP: 40/40 MP: 4/4
  1517 | D:3      | Found an iron altar of Okawaru.
  1524 | D:3      | Became a worshipper of Warmaster Okawaru
  1777 | D:3      | Found a shadowy altar of Dithmenos.
  1818 | D:3      | Reached XP level 5. HP: 22/47 MP: 5/5
  2073 | D:3      | Found a hide-covered altar of Uskayaw.
  2339 | D:4      | Noticed a phantom
  2352 | D:4      | Killed a phantom
  2375 | D:4      | Noticed a phantom
  2395 | D:4      | Killed a phantom
  2396 | D:4      | Reached skill level 5 in Fighting
  2396 | D:4      | Reached XP level 6. HP: 46/56 MP: 6/6
  2548 | D:4      | Identified the +2 scale mail of the Maze {+Blink Fly Str+2
                  | Int+4}
  2605 | D:4      | Found a staircase to the Ecumenical Temple.
  2847 | D:5      | Entered Level 5 of the Dungeon
  2910 | D:5      | Found a shimmering altar of Xom.
  2969 | D:5      | Reached * piety under Okawaru
  2970 | D:5      | Reached skill level 5 in Axes
  3016 | D:5      | Reached skill level 5 in Shields
  3128 | D:5      | Reached skill level 5 in Armour
  3128 | D:5      | Reached XP level 7. HP: 61/61 MP: 7/7
  3797 | D:6      | Reached XP level 8. HP: 57/71 MP: 8/8
  3957 | D:6      | Found a transporter.
  3962 | D:6      | Noticed patfeehan111222's ghost (novice DsBe)
  4101 | D:6      | Reached ** piety under Okawaru
  4253 | D:6      | Found a transporter.
  4348 | D:6      | Gained mutation: You occasionally shout uncontrollably at
                  | your foes. [potion of mutation]
  4348 | D:6      | Gained mutation: You sometimes lose your temper in combat.
                  | [potion of mutation]
  4373 | D:6      | Killed patfeehan111222's ghost
  4373 | D:6      | Reached *** piety under Okawaru
  4374 | D:6      | Reached XP level 9. HP: 65/81 MP: 9/9
  4726 | D:7      | Noticed Maggie
  4757 | D:7      | Killed Maggie
  4927 | D:7      | Reached **** piety under Okawaru
  4937 | D:7      | Found a sand-covered staircase.
  4942 | Ossuary  | Entered an ossuary
  5276 | Ossuary  | Lost mutation: You occasionally shout uncontrollably at
                  | your foes. [potion of mutation]
  5276 | Ossuary  | Lost mutation: You sometimes lose your temper in combat.
                  | [potion of mutation]
  5276 | Ossuary  | Gained mutation: You are resistant to electric shocks.
                  | (rElec) [potion of mutation]
  5276 | Ossuary  | Gained mutation: You are frail. (-10% HP) [potion of
                  | mutation]
  5276 | Ossuary  | Gained mutation: Your spells are a little easier to cast,
                  | but a little less powerful. [potion of mutation]
  5276 | Ossuary  | Gained mutation: You have a pair of small horns on your
                  | head. [potion of mutation]
  5584 | D:7      | Found a burning altar of Makhleb.
  5584 | D:7      | Found a hazy altar of Hepliaklqana.
  5590 | D:7      | Found a faded altar of an unknown god.
  5592 | D:7      | Found a broken altar of Ashenzari.
  5594 | D:7      | Found a faded altar of an unknown god.
  5968 | D:8      | Noticed a hornet
  5987 | D:8      | Paralysed by a hornet for 3 turns
  5992 | D:8      | Killed a hornet
  5993 | D:8      | Reached XP level 10. HP: 53/81 MP: 10/10
  6508 | D:8      | Found a staircase to the Lair.
  6984 | D:8      | Found a shimmering blue altar of Sif Muna.
  7457 | D:9      | Noticed Grum
  7461 | D:9      | Reached skill level 10 in Axes
  7654 | D:8      | Reached ***** piety under Okawaru
  7784 | D:9      | Killed Grum
  7833 | D:9      | Reached skill level 10 in Fighting
  7845 | D:9      | Noticed Erolcha
  7972 | D:9      | Killed Erolcha
  8046 | D:9      | Noticed a two-headed ogre
  8058 | D:9      | Killed a two-headed ogre
  8058 | D:9      | Received a gift from Okawaru
  8059 | D:9      | Reached XP level 11. HP: 82/90 MP: 11/11
  8148 | D:9      | Found a basalt altar of Yredelemnul.
  8219 | D:9      | Got the Anthology of Resurrection
  8392 | D:10     | Entered Level 10 of the Dungeon
  8392 | D:10     | Found Buintey's Armour Shop.
  8914 | D:10     | Found Fourasuu's General Store.
  8978 | D:10     | Found Kuma's Weapon Shoppe.
  9102 | D:10     | Found Lism's Magic Scroll Emporium.
  9207 | D:11     | Reached skill level 10 in Shields
  9215 | D:11     | Reached skill level 10 in Armour
  9267 | D:11     | Found Kolito's Magic Scroll Emporium.
  9440 | D:11     | Found a staircase to the Orcish Mines.
  9707 | D:11     | Noticed a two-headed ogre
  9724 | D:11     | Killed a two-headed ogre
  9731 | D:11     | Lost mutation: You are resistant to electric shocks.
                  | (rElec) [potion of mutation]
  9731 | D:11     | Lost mutation: You are frail. (-10% HP) [potion of
                  | mutation]
  9731 | D:11     | Lost mutation: Your spells are a little easier to cast, but
                  | a little less powerful. [potion of mutation]
  9731 | D:11     | Gained mutation: Your muscles are strong. (Str +4, Int/Dex
                  | -1) [potion of mutation]
  9731 | D:11     | Gained mutation: You are strong-willed. (Will+) [potion of
                  | mutation]
  9851 | D:11     | Noticed a manticore
  9863 | D:11     | Killed a manticore
  9875 | D:11     | Reached ****** piety under Okawaru
 10022 | D:11     | Identified the +0 hat of the Snail {MP+9 Str+3} (Okawaru
                  | gifted it to you on level 11 of the Dungeon)
 10022 | D:11     | Received a gift from Okawaru
 10425 | D:11     | Noticed a cyclops
 10439 | D:11     | Killed a cyclops
 10908 | D:12     | Noticed a manticore
 10917 | D:12     | Killed a manticore
 11095 | D:12     | Noticed a cyclops
 11103 | D:12     | Killed a cyclops
 11153 | D:12     | Noticed a cyclops
 11153 | D:12     | Noticed a cyclops
 11162 | D:12     | Reached XP level 12. HP: 82/112 MP: 12/12
 11182 | D:12     | HP: 3/112 [cyclops (19)]
 11184 | D:12     | HP: 1/112 [something (1)]
 11184 | D:12     | Demolished by a cyclops

Illustrated notes

Levels and vault maps discovered:
D:1:      reono_arrival_forest_river, layout_loops_ring, minmay_tetromino_t2
D:2:      layout_basic, basic_altar
D:3:      layout_basic, nicolae_dithmenos_the_darkroom, okawaru_gym_becter,
          nicolae_uskayaw_dance_hall, serial_glass, glass_columns_c,
          glass_columns_c
D:4:      layout_rooms, temple_pool_b
D:5:      layout_basic, mainiacjoe_overflow_surrounded_room
D:6:      layout_cave_pools, gammafunk_ghost_stat_death, minmay_crystal_room
D:7:      layout_rooms, chequers_temple_overflow_minitemple, enter_ossuary_2,
          uniq_maggie
D:8:      layout_layer_cave, mainiacjoe_overflow_brackets, david_lair_shrubbed
D:9:      layout_rooms, yredelemnul_forgotten_temple_becter, uniq_erolcha,
          uniq_grum
D:10:     layout_loops_ring, serial_shops, nicolae_stop_n_shop_2,
          nicolae_shop_advertising_works [nicolae_subvault_shop_adworks],
          nicolae_shop_temple_entry_statues_fountains, shop
D:11:     layout_cave_pods, erik_orc_1, nicolae_stop_n_shop_1
D:12:     minmay_opposing_rooms, layout_cave_pools

Skill      XL: |  1  2  3  4  5  6  7  8  9 10 11 12 |
---------------+-------------------------------------+-----
Axes           | 3 4 5 6 8 9 11 12 | 12.8
Fighting       | 4 5 6 7 9 10 11 12 | 12.0
Armour         | 4 5 7 8 9 10 11 | 11.0
Shields        | 4 5 7 8 9 11 | 11.1

Action                     |  1- 3 |  4- 6 |  7- 9 | 10-12 || total
---------------------------+-------+-------+-------+-------++-------
  Melee: War axe           |   134 |   142 |   308 |   483 ||  1067
         Headbutt          |       |       |     9 |   113 ||   122
    Use: Scroll            |       |    10 |     6 |     1 ||    17
         Potion            |       |       |     6 |     6 ||    12
   Stab: Confused          |       |       |       |     1 ||     1
 Armour: Scale mail        |    71 |    75 |   172 |   193 ||   511
  Dodge: Dodged            |    71 |    67 |   266 |   306 ||   710
  Block: Buckler           |    68 |    48 |   136 |   194 ||   446

Table legend: (Time is in decaauts)
 A = Elapsed time spent in this place.
 B = Non-inter-level travel time spent in this place.
 C = Inter-level travel time spent in this place.
 D = Time resting spent in this place.
 E = Time spent auto-exploring this place.
 F = Levels seen in this place.
 G = Mean time per level.
                   A        B        C        D        E       F      G
               +--------+--------+--------+--------+--------+-----+--------+
         Total |  11342 |  10916 |    426 |   1422 |   7152 |  13 |  872.5 |
       Dungeon |  10910 |  10484 |    426 |   1208 |   7053 |  12 |  909.2 |
       Ossuary |    431 |    431 |      0 |    214 |     99 |   1 |  431.0 |
               +--------+--------+--------+--------+--------+-----+--------+

Top non-repeatable levels by time:
     D:8: 2002 daAuts
    D:11: 1603 daAuts
     D:3: 1062 daAuts
     D:6: 990 daAuts
     D:5: 843 daAuts
     D:1: 811 daAuts
    D:10: 802 daAuts
     D:7: 740 daAuts
     D:4: 579 daAuts
     D:9: 562 daAuts
     D:2: 549 daAuts
 Ossuary: 431 daAuts
    D:12: 361 daAuts
